 Dungeon Crawl Stone Soup version 0.29.1-12-g30fa7ad0bf (webtiles) character file.

Game seed: 14224875299265625617

396 GeoRichter the Cudgeller (level 6, -3/75 HPs)
             Began as a Demonspawn Fighter on Dec 25, 2022.
             Killed by divine providence
             ... invoked by an orc priest
              (11 damage)
             ... on level 5 of the Dungeon.
             The game lasted 00:05:18 (3887 turns).

GeoRichter the Cudgeller (Demonspawn Fighter)       Turns: 3887, Time: 00:05:19

Health: -3/75      AC: 23    Str: 14 (17) XL:     6   Next: 52%
Magic:  5/5        EV:  2    Int: 13 (14) God:
Gold:   152        SH:  0    Dex: 10 (11) Spells: 5/5 levels left

rFire   . . .      SeeInvis .   a - +0 flail (vamp) {!w}
rCold   . . .      Faith    .   n - +2 buckler
rNeg    . . .      Spirit   .   (body armour currently unavailable)
rPois   +          Reflect  .   (helmet currently unavailable)
rElec   .          Harm     .   (cloak currently unavailable)
rCorr   .          Rampage  .   (gloves currently unavailable)
Will    .....      NoTele   +   (boots currently unavailable)
Stlth   +.........              (no amulet)
HPRegen 0.22/turn               (no ring)
MPRegen 0.09/turn               (no ring)

@: confused, tree-form, unable to read
A: stationary, stasis, torment immunity, boosted hp, (horns 2), clever 1, low MP
1, inability to read after injury 1
a: no special abilities


You were on level 5 of the Dungeon.
You were a tree.
You visited 1 branch of the dungeon, and saw 6 of its levels.

You collected 267 gold pieces.
You spent 115 gold pieces at shops.

Inventory:

Hand Weapons
 a - a +0 vampiric flail (weapon) {!w}
Missiles
 t - 6 javelins (quivered)
Armour
 b - a +0 scale mail (melded)
 n - a +2 buckler (worn)
   (You found it on level 2 of the Dungeon)
Jewellery
 g - an amulet of faith {!P}
   (You found it on level 1 of the Dungeon)
Wands
 u - a wand of iceblast (3)
   (You found it on level 6 of the Dungeon)
 A - a wand of flame (17)
   (You found it on level 4 of the Dungeon)
Scrolls
 c - 5 scrolls of blinking
 e - a scroll of summoning
 f - a scroll of enchant weapon {unknown}
 h - a scroll of enchant armour {unknown}
 j - a scroll of teleportation {@r4}
 k - 3 scrolls of immolation {!r}
 l - a scroll of magic mapping {unknown}
 p - a scroll of poison {unknown}
 s - a scroll of amnesia {unknown}
 w - a scroll of identify {@r1}
 y - a scroll of fear {unknown}
 B - a scroll of noise {unknown}
Potions
 d - a potion of might
 m - a potion of flight {unknown}
 o - a potion of berserk rage {unknown}
 q - a potion of haste {unknown}
 x - a potion of resistance {unknown}
 z - a potion of magic {unknown}


   Skills:
 + Level 4.8 Fighting
 * Level 5.3 Maces & Flails
 - Level 2.6 Armour
 - Level 2.6 Shields


You had 5 spell levels left.
You didn't know any spells.
Your spell library contained the following spells:

 Spells                   Type           Power      Damage    Failure   Level
 Apportation              Tloc           0%         N/A       38%         1
 Summon Guardian Golem    Hex/Summ       0%         N/A       77%         3
 Alistair's Intoxication  Tmut/Pois      0%         N/A       100%        5
 Dispersal                Tloc           0%         N/A       100%        6
 Orb of Destruction       Conj           0%         9d5       100%        7
 Spellforged Servitor     Conj/Summ      0%         N/A       100%        7
 Disjunction              Tloc           0%         N/A       100%        8


Dungeon Overview and Level Annotations

Branches:
Dungeon (6/15) Zot: 26049  Temple (0/1) D:5

Altars:

Shops:
D:2 ?


Innate Abilities, Weirdness & Mutations

You are a tree.
Your roots penetrate the ground, keeping you stationary.
You cannot be teleported.
You are immune to unholy pain and torment.
Your maximum health is greatly increased.
Your equipment is partially melded.
((You have a pair of horns on your head.))
Your mind is acute. (Int +4, Str/Dex -1)
Your magical capacity is low. (-10% MP)
You occasionally lose the ability to read scrolls when taking damage.


Message History

* * * LOW HITPOINT WARNING * * *
You are poisoned.
The scorpion poisons you!
You are too confused!
It was a potion of lignification.
You turn into a tree.
Your +0 scale mail melds into your body.
Your roots penetrate the ground.
You feel less confused.
You feel sick. You block the orc's attack.
The orc wizard hits you but does no damage.
The orc hits you but does no damage. The orc wizard casts a spell at you.
You block the puff of flame.
The orc priest hits you but does no damage.
The scorpion stings you but does no damage.
Unknown command.
It was a potion of curing.
You feel better. The scorpion stings you.
* * * LOW HITPOINT WARNING * * *
You block the orc wizard's attack.
The orc wizard points at you and mumbles some strange words.
You are confused.
The orc hits you from afar with a +1 trident of flaming.
* * * LOW HITPOINT WARNING * * *
The orc burns you.
* * * LOW HITPOINT WARNING * * *
The orc completely misses you.
The orc priest hits you but does no damage.
It was a potion of degeneration.
There was something very wrong with that liquid.
You feel weakened.
You feel dopey.
You feel clumsy.
The scorpion stings you but does no damage.
The orc wizard hits you but does no damage.
The orc priest casts a cantrip, but nothing happens.
The orc wizard gestures at you while chanting.
You resist with some effort. The orc hits you but does no damage. x2
It was a potion of mutation.
You feel extremely strange.
You feel less energetic.
You occasionally lose the ability to read scrolls when taking damage.
You feel clever.
The scorpion stings you but does no damage.
The orc hits you but does no damage.
The orc wizard hits you with a +0 dagger.
* * * LOW HITPOINT WARNING * * *
The orc hits you but does no damage.
The orc wizard points at you and mumbles some strange words.
You are more confused.
The orc priest calls down the wrath of Beogh upon you.
Beogh smites you!
You feel threatened and lose the ability to read scrolls!
You die...

............(.....# #.#..
...........b..=.... #....
...#.$.............##....
.....>...................
...............w #.......
..............# #..w....
#.....o....####...>...
##...oos....#....#<....
#....o♣..........#####.
#....o...........
#.##.....##........#
#.....<...........#
#..................
#..................
##.....##....##....
###....#...## ...
##......... ..


You could see a scorpion, an orc priest, 2 orc wizards, a dart slug and 2 orcs.

Vanquished Creatures
  An ice beast (D:6)
  3 hounds (D:4)
  An orc wizard (D:6)
  Robin (D:2)
  3 gnolls (D:3)
  5 adders
  2 worms
  A dart slug (D:1)
  5 orcs
  5 endoplasms
  5 giant cockroaches
  12 goblins
  6 hobgoblins
  3 jackals (D:2)
  13 kobolds
  5 quokkas
  7 ball pythons
  8 bats
  6 frilled lizards
  5 rats
97 creatures vanquished.

Notes
Turn   | Place    | Note
-------+----------+-------------------------------------------
     0 | D:1      | GeoRichter the Demonspawn Fighter began the quest for the
                  | Orb.
     0 | D:1      | Reached XP level 1. HP: 18/18 MP: 1/1
    88 | D:1      | Reached skill level 2 in Maces & Flails
   158 | D:1      | Gained mutation: You have a pair of small horns on your
                  | head. [demonic ancestry]
   158 | D:1      | Reached XP level 2. HP: 17/24 MP: 2/2
   996 | D:1      | Reached XP level 3. HP: 22/29 MP: 3/3
  1262 | D:2      | Noticed Robin
  1264 | D:2      | Reached skill level 3 in Maces & Flails
  1267 | D:2      | Killed Robin
  1754 | D:2      | Gained mutation: You have a pair of horns on your head.
                  | [demonic ancestry]
  1754 | D:2      | Reached XP level 4. HP: 36/37 MP: 4/4
  1825 | D:2      | Found a faded altar of an unknown god.
  1913 | D:2      | Found Zaem's Magic Scroll Boutique.
  1931 | D:2      | Bought a scroll of brand weapon for 95 gold pieces
  1931 | D:2      | Bought a scroll of identify for 20 gold pieces
  2390 | D:3      | Reached skill level 4 in Maces & Flails
  2456 | D:3      | Reached XP level 5. HP: 42/42 MP: 5/5
  2825 | D:4      | You fall into a shaft and drop 2 floors!
  2849 | D:6      | Noticed an ice beast
  2865 | D:6      | Killed an ice beast
  2866 | D:6      | Reached XP level 6. HP: 43/49 MP: 6/6
  2949 | D:5      | Entered Level 5 of the Dungeon
  3140 | D:4      | Reached skill level 5 in Maces & Flails
  3861 | D:5      | Found a staircase to the Ecumenical Temple.
  3887 | D:5      | Gained mutation: Your magical capacity is low. (-10% MP)
                  | [potion of mutation]
  3887 | D:5      | Gained mutation: You occasionally lose the ability to read
                  | scrolls when taking damage. [potion of mutation]
  3887 | D:5      | Gained mutation: Your mind is acute. (Int +4, Str/Dex -1)
                  | [potion of mutation]
  3887 | D:5      | Killed from afar by an orc priest

Illustrated notes

Levels and vault maps discovered:
D:1:      lightli_arrival_isolated_outpost, layout_basic
D:2:      layout_basic, serial_shops, shop_statue,
          hellmonk_ecumenical_altar_pennies_from_heaven, uniq_robin
D:3:      layout_basic
D:4:      layout_loops_ring, kennysheep_opposing_triangles
D:5:      layout_cave_pools, nicolae_ru_awakened_eye,
          minmay_temple_entry_butterflies, serial_shops, shop_coins,
          chequers_serial_rivers_small_3, nicolae_shop_vocational, uniq_duvessa
D:6:      layout_rooms

Skill      XL: |  1  2  3  4  5  6 |
---------------+-------------------+-----
Maces & Flails | 2 3 4 5 |  5.3
Fighting       | 4 |  4.8
Armour         | |  2.6
Shields        | |  2.6

Action                   |  1- 3 |  4- 6 || total
-------------------------+-------+-------++-------
Melee: Flail             |   134 |   151 ||   285
       Headbutt          |    13 |    23 ||    36
  Use: Scroll            |       |     5 ||     5
       Potion            |       |     5 ||     5
Armor: Scale mail        |    76 |    77 ||   153
       Skin              |       |    12 ||    12
Dodge: Dodged            |    77 |    63 ||   140
Block: Buckler           |    39 |    44 ||    83
